 Dungeon Crawl Stone Soup version 0.29.1-1-gd02db6906a (webtiles) character file.

Game seed: 4763147524380829628

2923 LustLizard the Carver (level 10, -8/77 HPs)
             Began as a Human Gladiator on Oct 18, 2022.
             Was a Believer of Okawaru.
             Mangled by a troll (11 damage)
             ... on level 7 of the Dungeon.
             The game lasted 00:14:04 (10748 turns).

LustLizard the Carver (Human Gladiator)            Turns: 10748, Time: 00:14:04

Health: -8/77      AC: 13    Str: 21    XL:     10   Next: 6%
Magic:  8/10       EV: 12    Int:  9    God:    Okawaru [**....]
Gold:   340        SH:  0    Dex: 18    Spells: 7/9 levels left

rFire   . . .      SeeInvis .   a - +0 long sword
rCold   + . .      Faith    .   (no shield)
rNeg    . . .      Spirit   .   E - +0 chain mail
rPois   .          Reflect  .   y - +0 helmet
rElec   .          Harm     .   (no cloak)
rCorr   .          Rampage  .   D - +0 pair of gloves
Will    .....                   g - +0 pair of boots
Stlth   ..........              (no amulet)
HPRegen 0.22/turn               p - ring of protection from cold
MPRegen 0.12/turn               B - +6 ring of strength

@: heroic
A: no striking features
a: Renounce Religion, Heroism


You were on level 7 of the Dungeon.
You worshipped Okawaru.
Okawaru was pleased with you.
You visited 1 branch of the dungeon, and saw 7 of its levels.

You collected 340 gold pieces.

Inventory:

Hand Weapons
 a - a +0 long sword (weapon)
Missiles
 d - 3 throwing nets
 e - 7 javelins
 f - 7 boomerangs (quivered)
 s - 21 poisoned darts
 F - 40 stones
Armour
 b - a +0 leather armour
 g - a +0 pair of boots (worn)
 h - a +0 ring mail
 y - a +0 helmet (worn)
 D - a +0 pair of gloves (worn)
 E - a +0 chain mail (worn)
Jewellery
 p - a ring of protection from cold (left hand)
 A - a ring of ice
 B - a +6 ring of strength (right hand)
 I - a ring of fire
Scrolls
 c - a scroll of enchant armour {unknown}
 i - 3 scrolls of vulnerability
 j - 2 scrolls of poison {unknown}
 m - a scroll of enchant weapon {unknown}
 n - 2 scrolls of immolation {unknown}
 o - 2 scrolls of brand weapon {unknown}
 r - 3 scrolls of teleportation {unknown}
 t - 2 scrolls of magic mapping {unknown}
 w - a scroll of fear {unknown}
 H - a scroll of identify {unknown}
Potions
 k - a potion of magic {unknown}
 l - a potion of lignification
 q - a potion of brilliance {unknown}
 u - 4 potions of curing {unknown}
 v - 2 potions of mutation {unknown}
 x - 2 potions of might {unknown}
 z - 2 potions of haste {unknown}
 C - 2 potions of flight {unknown}
 G - a potion of attraction {unknown}


   Skills:
 + Level 6.8(11.8) Fighting
 * Level 9.5(14.5) Long Blades
 - Level 6.0(11.0) Throwing
 - Level 3.0(8.0) Dodging
 - Level 4.0 Translocations
 * Level 0.8 Invocations


You had 7 spell levels left.
You knew the following spells:

 Your Spells              Type           Power      Damage    Failure   Level
a - Blink                 Tloc           14%        N/A       71%         2

Your spell library contained the following spells:

 Spells                   Type           Power      Damage    Failure   Level
 Lesser Beckoning         Tloc           7%         N/A       90%         3
 Slow                     Hex            0%         N/A       98%         1
 Confusing Touch          Hex            0%         N/A       100%        3
 Vampiric Draining        Necr           0%         2d6       100%        3
 Manifold Assault         Tloc           7%         N/A       100%        5


Dungeon Overview and Level Annotations

Branches:
Dungeon (7/15)
 Temple: D:4-7

Altars:
Fedhas
Gozag
Hepliaklqana
Makhleb
Okawaru
The Shining One

Shops:
D:1 :   D:6 *

Annotations:
D:5 1 runed translucent door, LustLizard's ghost, novice DsGl


Message History

You hit the troll.
The troll is moderately wounded.
You hit the troll but do no damage.
The troll is moderately wounded.
The troll bites you but does no damage. The troll closely misses you.
The troll claws you! The orc hits you but does no damage.
You hit the troll.
The troll is heavily wounded.
The troll bites you! The troll claws you!
* * * LOW HITPOINT WARNING * * *
The troll claws you.
* * * LOW HITPOINT WARNING * * *
The orc hits you with a +0 flail.
* * * LOW HITPOINT WARNING * * *
You gain the combat prowess of a mighty hero.
The troll bites you but does no damage. The troll closely misses you. x2
The orc hits you with a +0 flail.
* * * LOW HITPOINT WARNING * * *
You completely miss the troll.
The troll is heavily wounded.
The troll barely misses you. The troll claws you but does no damage.
The troll claws you!
* * * LOW HITPOINT WARNING * * *
The orc closely misses you.
You closely miss the troll.
The troll is moderately wounded.
The troll misses you. x2; The troll claws you but does no damage.
The orc hits you but does no damage.
Unknown command.
You slash the troll!
The troll is severely wounded.
You closely miss the troll.
The troll is severely wounded.
The troll barely misses you. The troll claws you but does no damage.
The troll closely misses you. The orc closely misses you.
You hit the troll.
The troll is severely wounded.
The troll bites you but does no damage. The troll closely misses you.
The troll claws you!
You die...

#####....##
######..........
###......#####..##
........# #.##
####......+ #.###
..........# #....
#......#####.###
####+#####...........#
#.....)@T......##..###
#......)o..#.#####.#
#..........#..# #.#
####.##...###... #.#
#. #...# ###.#.# #
...... ..# ###...##
... ###.#


You could see a troll and an orc.

Vanquished Creatures
  Grinder (D:6)
  Sigmund (D:4)
  Eustachio (D:3)
  A water moccasin (D:6)
  Duvessa (D:6)
  2 black bears
  A sky beast (D:6)
  An ice beast (D:5)
  3 ogres
  A phantom (D:5)
  2 kobold brigands (D:6)
  3 necrophages
  A scorpion (D:5)
  A gnoll sergeant (D:5)
  4 wights (D:6)
  Dowan (D:6)
  6 hounds
  An orc priest (D:4)
  A gnoll bouda (D:6)
  A jelly (D:3)
  2 iguanas (D:5)
  4 orc wizards
  Robin (D:4)
  11 gnolls
  14 adders
  2 white imps
  An ufetubus (D:5)
  A worm (D:2)
  4 dart slugs
  26 orcs
  10 endoplasms
  4 giant cockroaches
  10 goblins
  10 hobgoblins
  7 jackals
  3 quokkas
  10 ball pythons
  2 bats
  A frilled lizard (D:1)
  18 kobolds
  6 rats
181 creatures vanquished.

Vanquished Creatures (others)
  A fungus (D:5)
1 creature vanquished.

Grand Total: 182 creatures vanquished

Notes
Turn   | Place    | Note
-------+----------+-------------------------------------------
     0 | D:1      | LustLizard the Human Gladiator began the quest for the Orb.
     0 | D:1      | Reached XP level 1. HP: 16/16 MP: 1/1
   265 | D:1      | Reached XP level 2. HP: 22/22 MP: 2/2
   273 | D:1      | Found Ymaoha's Vocational Training.
   658 | D:1      | Reached XP level 3. HP: 12/27 MP: 3/3
   969 | D:1      | Found a faded altar of an unknown god.
  1557 | D:2      | Reached XP level 4. HP: 29/34 MP: 4/4
  2512 | D:2      | Reached skill level 4 in Long Blades
  2547 | D:2      | Reached XP level 5. HP: 31/40 MP: 5/5
  3373 | D:3      | Found a burning altar of Makhleb.
  3422 | D:3      | Reached XP level 6. HP: 45/47 MP: 6/6
  3506 | D:3      | Learned a level 2 spell: Blink
  3555 | D:3      | Found a hazy altar of Hepliaklqana.
  3643 | D:4      | Noticed an ogre
  3888 | D:4      | Reached skill level 1 in Translocations
  4414 | D:4      | Noticed Sigmund
  4843 | D:4      | Reached XP level 7. HP: 52/52 MP: 7/7
  5013 | D:4      | Noticed Eustachio
  5044 | D:4      | Reached skill level 5 in Long Blades
  5302 | D:3      | Killed Eustachio
  5580 | D:4      | Reached skill level 5 in Throwing
  5649 | D:4      | Killed Sigmund
  5650 | D:4      | Reached XP level 8. HP: 3/60 MP: 8/8
  5651 | D:4      | HP: 4/90 [poisoned by Sigmund]
  6140 | D:4      | Noticed Robin
  6150 | D:4      | Killed Robin
  6294 | D:5      | Entered Level 5 of the Dungeon
  6735 | D:5      | Reached skill level 6 in Long Blades
  7154 | D:5      | Found an iron altar of Okawaru.
  7174 | D:5      | Became a worshipper of Warmaster Okawaru
  7434 | D:5      | Reached * piety under Okawaru
  7435 | D:5      | Reached XP level 9. HP: 63/67 MP: 9/9
  7500 | D:5      | Found a glowing golden altar of the Shining One.
  7525 | D:5      | Found a runed translucent door.
  7530 | D:5      | Noticed LustLizard's ghost (novice DsGl)
  7675 | D:5      | Reached skill level 5 in Fighting
  7675 | D:5      | Reached skill level 7 in Long Blades
  8582 | D:6      | Reached skill level 8 in Long Blades
  9022 | D:6      | Noticed Grinder
  9040 | D:6      | Paralysed by Grinder for 2 turns
  9042 | D:6      | Killed Grinder
  9042 | D:6      | Reached ** piety under Okawaru
  9696 | D:6      | Reached skill level 9 in Long Blades
  9782 | D:6      | Found a blossoming altar of Fedhas.
 10104 | D:6      | Noticed Duvessa
 10110 | D:6      | Noticed Dowan
 10121 | D:6      | Killed Duvessa
 10122 | D:6      | Reached XP level 10. HP: 68/77 MP: 10/10
 10135 | D:6      | Killed Dowan
 10266 | D:6      | Found an opulent altar of Gozag.
 10271 | D:6      | Found Gozag's Platinum Reserve.
 10744 | D:7      | HP: 2/77 [troll (9)]
 10748 | D:7      | Mangled by a troll

Illustrated notes

Levels and vault maps discovered:
D:1:      dpeg_arrival_boxes_within_box, layout_rooms,
          nicolae_ecumenical_lake_church, nicolae_shop_vocational
D:2:      layout_loops_cross, st_stairs_14
D:3:      layout_rooms, nicolae_overflow_crystal_walls,
          mainiacjoe_overflow_six_doors_small, grunt_decor_cap, st_stairs_3,
          corexii_corridor_pit
D:4:      layout_loops_ring, grunt_ministairs_14, hex_large,
          hangedman_decor_points, uniq_sigmund, uniq_robin, uniq_eustachio
D:5:      layout_cave_pools, lemuel_doored_altar, mainiacjoe_overflow_alcove_4,
          ebering_ghost_reflecting_pool, grunt_ministairs_15, minmay_holes
D:6:      cheibrodos_thug_alley, layout_loops_corners,
          nicolae_gozag_zags_fifth_avenue, lemuel_coloured_pillars_altar,
          uniq_grinder, uniq_duvessa
D:7:      layout_basic, minmay_temple_entry_waves, enter_ossuary_2,
          grunt_decor_one_mirror, uniq_menkaure

Skill      XL: |  1  2  3  4  5  6  7  8  9 |
---------------+----------------------------+-----
Throwing       | 3 4 5 6 |  6.0
Long Blades    | 4 5 6 9 |  9.5
Fighting       | 3 4 6 |  6.8
Translocations | 1 3 4 |  4.0
Dodging        | |  3.0
Invocations    | |  0.8

Action                   |  1- 3 |  4- 6 |  7- 9 | 10-12 || total
-------------------------+-------+-------+-------+-------++-------
Melee: Long sword        |   116 |   264 |   426 |    55 ||   861
       Punch             |     2 |     1 |     3 |       ||     6
Throw: Stone             |       |     8 |    20 |       ||    28
       Dart              |       |       |     4 |       ||     4
       Boomerang         |       |       |    31 |       ||    31
       Throwing net      |       |       |     1 |       ||     1
Invok: Heroism           |       |       |       |     1 ||     1
  Use: Scroll            |       |     1 |       |       ||     1
       Potion            |       |       |     1 |       ||     1
Armor: Leather armour    |    32 |       |       |       ||    32
       Ring mail         |    38 |   128 |    35 |       ||   201
       Chain mail        |       |       |   188 |    37 ||   225
Dodge: Dodged            |    88 |   192 |   229 |    38 ||   547
